 Dungeon Crawl Stone Soup version 0.29-a0-414-g5075937ec3 (webtiles) character file.

Game seed: 7443477731277694568

170 trckry the Charlatan (level 5, -2/37 HPs)
             Began as a Demonspawn Wanderer on May 16, 2022.
             Was a Follower of Makhleb.
             Splashed by a jelly's acid (11 damage)
             ... on level 3 of the Dungeon.
             The game lasted 00:05:20 (3304 turns).

trckry the Charlatan (Demonspawn Wanderer)          Turns: 3304, Time: 00:05:21

Health: -2/37      AC:  0    Str: 15    XL:     5   Next: 26%
Magic:  6/6        EV:  6    Int: 12    God:    Makhleb [*.....]
Gold:   102        SH:  3    Dex: 13    Spells: 4/4 levels left

rFire   . . .      SeeInvis .   a - +0 spear
rCold   . . .      Faith    .   c - +0 buckler
rNeg    . . .      Spirit   .   s - +0 chain mail
rPois   .          Reflect  .   h - +0 helmet
rElec   .          Harm     .   (no cloak)
rCorr   .          Rampage  .   (no gloves)
Will    .....                   (no boots)
Stlth   ..........              (no amulet)
HPRegen 0.12/turn               (no ring)
MPRegen 0.10/turn               (no ring)

@: corroded
A: hooves 1, slimy green scales 1, demonic guardian 1
a: Renounce Religion


You were on level 3 of the Dungeon.
You worshipped Makhleb.
Makhleb was aware of your devotion.
You visited 1 branch of the dungeon, and saw 3 of its levels.

You collected 102 gold pieces.

Inventory:

Hand Weapons
 a - a +0 spear (weapon)
 l - a +0 dagger of venom
Missiles
 n - 2 boomerangs (quivered)
 r - 6 poisoned darts
Armour
 c - a +0 buckler (worn)
 h - a +0 helmet (worn)
 s - a +0 chain mail (worn)
Scrolls
 i - 2 scrolls of fear {unknown}
 p - 2 scrolls of identify {unknown}
 q - 2 scrolls of enchant armour {unknown}
Potions
 d - 3 potions of might
 e - a potion of attraction {unknown}
 f - a potion of curing {unknown}
 g - a potion of degeneration {unknown}
 k - a potion of brilliance {unknown}
 m - a potion of lignification {unknown}
 o - a potion of heal wounds {unknown}
Miscellaneous
 b - a lightning rod (4/4)


   Skills:
 + Level 1.5 Fighting
 * Level 3.0 Polearms
 + Level 3.2 Armour
 + Level 1.9 Dodging
 + Level 0.1 Shields
 * Level 2.3 Invocations
 + Level 4.4 Evocations


You had 4 spell levels left.
You didn't know any spells.
Your spell library was empty.

Dungeon Overview and Level Annotations

Branches:
Dungeon (3/15)

Altars:
Makhleb


Innate Abilities, Weirdness & Mutations

You have large cloven feet.
You are partially covered in slimy green scales. (AC +2)
A weak demonic guardian rushes to your aid.


Message History

You hit the giant cockroach but do no damage.
You kick the giant cockroach.
The giant cockroach is severely wounded.
The giant cockroach bites you but does no damage.
You hit the giant cockroach but do no damage.
The giant cockroach is severely wounded.
The giant cockroach bites you.
You take 2 damage, and have 35/37 hp.
You hit the giant cockroach.
You kill the giant cockroach!
Makhleb accepts your kill.
You see here a giant cockroach corpse.
Found a chain mail.
Health restored: 37 Done exploring.
Done exploring.
There is a stone staircase leading down here.
You climb downwards.
There is a stone staircase leading up here.
You hit the jelly. The acid corrodes you!
Your hands burn!
The jelly is moderately wounded.
You take 4 damage, and have 33/37 hp.
You hit the jelly but do no damage.
Your hands burn!
The jelly is moderately wounded.
The jelly hits you.
You are splashed with acid!
You take 14 damage, and have 19/37 hp.
MASSIVE DAMAGE!!
You hit the jelly.
Your hands burn!
The jelly is heavily wounded.
The jelly barely misses you.
You take 5 damage, and have 14/37 hp.
You hit the jelly.
Your hands burn!
You kick the jelly.
The jelly is almost dead.
The jelly hits you but does no damage.
You take 1 damage, and have 13/37 hp.
You hit the jelly. The acid corrodes you!
Your hands burn!
The jelly is almost dead.
The jelly hits you.
* * * LOW HITPOINT WARNING * * *
The acid corrodes you!
You are splashed with acid!
You die...

## .. ## .##
... .. ... #.
..
#.#.###.####.
#...J@.......
###.#.#####..
#.#.# #.#.#
..#.# ###.#
#.. .#.


You could see a jelly.

Vanquished Creatures
  Terence (D:2)
  3 adders
  A dart slug (D:1)
  2 orcs
  6 bats
  6 endoplasms
  3 giant cockroaches
  3 goblins
  4 hobgoblins
  5 kobolds
  A quokka (D:1)
  2 ball pythons (D:2)
  3 frilled lizards
  5 rats
45 creatures vanquished.

Vanquished Creatures (collateral kills)
  An orc priest (D:2)
  An orc wizard (D:2)
  An adder (D:2)
  An orc (D:2)
  An endoplasm (D:1)
5 creatures vanquished.

Grand Total: 50 creatures vanquished

Notes
Turn   | Place    | Note
-------+----------+-------------------------------------------
     0 | D:1      | trckry the Demonspawn Wanderer began the quest for the Orb.
     0 | D:1      | trckry set off with the following items: a +0 spear, a
                  | lightning rod (4/4), a +0 ring mail, a potion of might
     0 | D:1      | Reached XP level 1. HP: 13/13 MP: 1/1
   422 | D:1      | Gained mutation: A weak demonic guardian rushes to your
                  | aid. [demonic ancestry]
   422 | D:1      | Reached XP level 2. HP: 20/20 MP: 2/2
   784 | D:1      | Found a faded altar of an unknown god.
   820 | D:1      | Prayed at the altar of an unknown god.
   820 | D:1      | Became a worshipper of Makhleb the Destroyer
   820 | D:1      | Reached * piety under Makhleb
  1242 | D:1      | Gained mutation: You are partially covered in slimy green
                  | scales. (AC +2) [demonic ancestry]
  1242 | D:1      | Reached XP level 3. HP: 25/25 MP: 3/3
  1621 | D:2      | Reached skill level 1 in Fighting
  1967 | D:2      | Noticed Terence
  2202 | D:2      | HP: 3/26 [orc priest/divine providence (11)]
  2205 | D:2      | Reached skill level 1 in Invocations
  2205 | D:2      | Gained mutation: You have large cloven feet. [demonic
                  | ancestry]
  2205 | D:2      | Reached XP level 4. HP: 4/32 MP: 4/4
  2755 | D:2      | Reached XP level 5. HP: 36/37 MP: 6/6
  3117 | D:2      | Killed Terence
  3304 | D:3      | Splashed by a jelly's acid

Illustrated notes

Levels and vault maps discovered:
D:1:      dpeg_arrival_prison, layout_loops_ring,
          chequers_ecumenical_altar_island, supply_closet_lemuel,
          amcnicky_mini_corridor_feature, hangedman_decor_push
D:2:      layout_loops_cross, uniq_terence
D:3:      layout_loops_cross, uniq_natasha, uniq_grinder

Skill      XL: |  1  2  3  4  5 |
---------------+----------------+-----
Polearms       | 2 3 |  3.0
Fighting       | 1 |  1.5
Armour         | 3 |  3.2
Invocations    | 1 2 |  2.3
Dodging        | |  1.9
Shields        | |  0.1
Evocations     | |  4.4

Action                   |  1- 3 |  4- 6 || total
-------------------------+-------+-------++-------
Melee: Spear             |   150 |    95 ||   245
       Punch             |     1 |       ||     1
       Kick              |       |    37 ||    37
Armor: Ring mail         |    40 |    19 ||    59
       Chain mail        |       |    25 ||    25
Dodge: Dodged            |    69 |    29 ||    98
Block: Buckler           |       |     6 ||     6

Table legend: (Time is in decaauts)
 A = Elapsed time spent in this place.
 B = Non-inter-level travel time spent in this place.
 C = Inter-level travel time spent in this place.
 D = Time resting spent in this place.
 E = Time spent auto-exploring this place.
 F = Levels seen in this place.
 G = Mean time per level.
                   A        B        C        D        E       F      G
               +--------+--------+--------+--------+--------+-----+--------+
         Total |   3310 |   3237 |     73 |    475 |   2185 |   3 | 1103.3 |
       Dungeon |   3310 |   3237 |     73 |    475 |   2185 |   3 | 1103.3 |
               +--------+--------+--------+--------+--------+-----+--------+

Top non-repeatable levels by time:
     D:1: 2108 daAuts
     D:2: 1196 daAuts
     D:3: 5 daAuts
